[Event "15th Paderborner Schachtuerken-Cup 2018"]
[Site "Paderborn"]
[Date "2018.12.29"]
[Round "5"]
[White "Meessen, Max"]
[Black "Steinle, Carsten"]
[Result "1/2-1/2"]
[ECO "A54"]
[WhiteElo "2208"]
[BlackElo "2154"]
[Annotator "NA"]
[PlyCount "187"]
[EventDate "2018.12.27"]
[EventType "swiss"]
[EventCountry "GER"]
[SourceTitle "playchess.com"]
[Source "ChessBase"]
[SourceQuality "1"]
[TimeControl "40/5400+30:900+30"]

1. d4 Nf6 2. c4 d6 3. Nc3 Nbd7 4. Nf3 e5 5. Bg5 Be7 6. e3 O-O 7. Qc2 Re8 8. O-O-O exd4 9. exd4 c6 10. Bd3 a6 11. Rhe1 b5 12. c5 h6 13. Bh4 d5 14. h3 a5 15. g4 b4 16. Na4 Ba6 17. Bf5 Bb5 18. Re3 Qc7 19. Bxd7 Qxd7 20. Nb6 Qc7 21. Nxa8 Rxa8 22. Rde1 Ne4 23. Bxe7 Qxe7 24. Nd2 Qg5 25. Nxe4 dxe4 26. Qxe4 a4 27. Qf5 Qd8 28. Re7 Bc4 29. Qd7 Qxd7 30. Rxd7 Bxa2 31. Ree7 Be6 32. Ra7 Rd8 33. Rxa4 Rxd4 34. Raa7 Bb3 35. Re1 Rc4+ 36. Kd2 Rc2+ 37. Ke3 Rxc5 38. f4 g6 39. Rb7 Rc4 40. Rf1 c5 41. Rc7 Rc2 42. Rf2 Rc1 43. g5 Be6 44. Rd2 hxg5 45. fxg5 Bxh3 46. Rd5 c4 47. Rb7 Kg7 48. Rb8 Rg1 49. Rxb4 Be6 50. Rc5 Rg4 51. Rb7 Rg3+ 52. Kf4 Rg4+ 53. Kf3 Rd4 54. Rb8 Rd3+ 55. Kf4 Rd4+ 56. Kf3 Bf5 57. Rc7 Be6 58. Ke3 Rg4 59. Rb5 Rg3+ 60. Kd4 Rg2 61. Re5 Kf8 62. Rb5 Rg4+ 63. Kc3 Rg3+ 64. Kb4 Rg4 65. Rb8+ Kg7 66. Rc5 Rg3 67. Rb6 Rb3+ 68. Ka5 Rg3 69. Ka6 Rd3 70. Rc7 Re3 71. Ka5 Kf8 72. Rb8+ Kg7 73. Re7 Re5+ 74. Rb5 Re3 75. Rc7 Rg3 76. Kb4 Rg4 77. Rbc5 Kf8 78. Kc3 Rg3+ 79. Kd2 Rb3 80. Kc2 Rg3 81. Kd2 Rb3 82. Kc2 Rf3 83. Rxc4 Bxc4 84. Rxc4 Rf5 85. Rg4 Ke7 86. Kd3 Rb5 87. b4 Kd6 88. Kc4 Rf5 89. Rd4+ Kc6 90. Rg4 Kb6 91. Kd4 Kb5 92. Ke3 Ka4 93. Rf4 Rxg5 94. Ke4 1/2-1/2

[Event "15th Paderborner Schachtuerken-Cup 2018"]
[Site "Paderborn"]
[Date "2018.12.29"]
[Round "5"]
[White "Boehm, Juergen"]
[Black "Bock, Juergen"]
[Result "0-1"]
[ECO "D06"]
[WhiteElo "2201"]
[BlackElo "2269"]
[Annotator "NA"]
[PlyCount "49"]
[EventDate "2018.12.27"]
[EventType "swiss"]
[EventCountry "GER"]
[SourceTitle "playchess.com"]
[Source "ChessBase"]
[SourceQuality "1"]
[TimeControl "40/5400+30:900+30"]

1. d4 d5 2. c4 Bf5 3. cxd5 Bxb1 4. Qa4+ c6 5. Rxb1 Qxd5 6. Nf3 Nd7 7. b4 e5 8. dxe5 Nxe5 9. Nxe5 Qxe5 10. Qc2 Nf6 11. e3 a5 12. a3 axb4 13. axb4 Nd5 14. Bd2 Ra1 15. b5 Bb4 16. Bxb4 Nxb4 17. Qb3 Rxb1+ 18. Qxb1 Qc3+ 19. Ke2 O-O 20. Qe1 Qc5 21. Kf3 Re8 22. Be2 Nd5 23. Qd2 Nc3 24. h4 Qf5+ 25. Kg3 0-1

[Event "15th Paderborner Schachtuerken-Cup 2018"]
[Site "Paderborn"]
[Date "2018.12.29"]
[Round "6"]
[White "Levin, Felix"]
[Black "Skembris, Spyridon"]
[Result "1/2-1/2"]
[ECO "D56"]
[WhiteElo "2482"]
[BlackElo "2384"]
[Annotator "ChessBase"]
[PlyCount "40"]
[EventDate "2018.12.27"]
[EventType "swiss"]
[EventCountry "GER"]
[SourceTitle "playchess.com"]
[Source "ChessBase"]
[SourceQuality "1"]
[TimeControl "40/5400+30:900+30"]

1. d4 Nf6 2. c4 e6 3. Nf3 d5 4. Nc3 Be7 5. Bg5 h6 6. Bh4 O-O 7. e3 Ne4 8. Bxe7 Qxe7 9. Rc1 c6 10. Bd3 Nxc3 11. Rxc3 Nd7 12. O-O e5 13. Nxe5 Nxe5 14. dxe5 dxc4 15. Rxc4 Qxe5 16. Qc2 Be6 17. Rc5 Qd6 18. b4 Rfe8 19. Be4 Red8 20. a3 Qd2 1/2-1/2

[Event "15th Paderborner Schachtuerken-Cup 2018"]
[Site "Paderborn"]
[Date "2018.12.29"]
[Round "6"]
[White "Bock, Juergen"]
[Black "Kruse, Janik"]
[Result "1/2-1/2"]
[ECO "D14"]
[WhiteElo "2269"]
[BlackElo "2127"]
[Annotator "NA"]
[PlyCount "40"]
[EventDate "2018.12.27"]
[EventType "swiss"]
[EventCountry "GER"]
[SourceTitle "playchess.com"]
[Source "ChessBase"]
[SourceQuality "1"]
[TimeControl "40/5400+30:900+30"]

1. d4 d5 2. c4 c6 3. cxd5 cxd5 4. Bf4 Nf6 5. Nc3 Nc6 6. e3 Bf5 7. Nf3 e6 8. Bb5 Be7 9. O-O O-O 10. Bxc6 bxc6 11. Na4 Nd7 12. Ne5 Nxe5 13. Bxe5 Rc8 14. Rc1 Qa5 15. a3 f6 16. Bg3 Qb5 17. Rc3 c5 18. Nxc5 Bxc5 19. dxc5 Rxc5 20. Qd2 Rfc8 1/2-1/2

[Event "15th Paderborner Schachtuerken-Cup 2018"]
[Site "Paderborn"]
[Date "2018.12.29"]
[Round "6"]
[White "Gulatz, Maurice"]
[Black "Vogel, Constantin"]
[Result "1/2-1/2"]
[ECO "A60"]
[WhiteElo "2140"]
[BlackElo "2068"]
[Annotator "NA"]
[PlyCount "43"]
[EventDate "2018.12.27"]
[EventType "swiss"]
[EventCountry "GER"]
[SourceTitle "playchess.com"]
[Source "ChessBase"]
[SourceQuality "1"]
[TimeControl "40/5400+30:900+30"]

1. d4 Nf6 2. c4 e6 3. g3 c5 4. d5 exd5 5. cxd5 b5 6. e4 Nxe4 7. Qe2 Qe7 8. Bg2 Nd6 9. Be3 Bb7 10. Bxc5 Qxe2+ 11. Nxe2 Na6 12. Bxd6 Bxd6 13. Nbc3 b4 14. Nb5 Bc5 15. O-O O-O 16. Nf4 Rfc8 17. Rac1 Bf8 18. Rfd1 d6 19. Nd3 g6 20. Nd4 Bg7 21. Nc6 Kf8 22. Na5 1/2-1/2

[Event "15th Paderborner Schachtuerken-Cup 2018"]
[Site "Paderborn"]
[Date "2018.12.29"]
[Round "6"]
[White "Hoette, Philipp"]
[Black "Zimmermann, Klemens"]
[Result "1-0"]
[ECO "B23"]
[WhiteElo "2065"]
[BlackElo "2282"]
[Annotator "NA"]
[PlyCount "67"]
[EventDate "2018.12.27"]
[EventType "swiss"]
[EventCountry "GER"]
[SourceTitle "playchess.com"]
[Source "ChessBase"]
[SourceQuality "1"]
[TimeControl "40/5400+30:900+30"]

1. e4 c5 2. Nc3 a6 3. d3 e6 4. f4 d5 5. Nf3 Nf6 6. e5 d4 7. Ne4 Nd5 8. c4 dxc3 9. bxc3 Be7 10. Qc2 Nc6 11. Be2 b5 12. a4 Rb8 13. axb5 axb5 14. Bd2 O-O 15. O-O b4 16. c4 Nc7 17. Be3 Na6 18. Rfb1 f5 19. Ned2 Bb7 20. Nb3 Qc8 21. Ra4 Rd8 22. Rba1 Ra8 23. Bf1 Qc7 24. Qf2 g5 25. Nxg5 Bxg5 26. fxg5 Nxe5 27. Bf4 Qg7 28. Qe3 Nf7 29. Qxe6 Bc8 30. Qf6 Qxf6 31. gxf6 Bb7 32. Na5 Bc8 33. Nc6 Bd7 {[%emt 0:00:32] Ne} 34. Ne7+ 1-0

[Event "15th Paderborner Schachtuerken-Cup 2018"]
[Site "Paderborn"]
[Date "2018.12.30"]
[Round "7"]
[White "Gutman, Lev"]
[Black "Hoette, Philipp"]
[Result "1-0"]
[ECO "D11"]
[WhiteElo "2422"]
[BlackElo "2065"]
[Annotator "NA"]
[PlyCount "45"]
[EventDate "2018.12.27"]
[EventType "swiss"]
[EventCountry "GER"]
[SourceTitle "playchess.com"]
[Source "ChessBase"]
[SourceQuality "1"]
[TimeControl "40/5400+30:900+30"]

1. Nf3 d5 2. g3 Nf6 3. Bg2 c6 4. O-O Bg4 5. d4 Nbd7 6. c4 e6 7. h3 Bxf3 8. Bxf3 dxc4 9. Qc2 Nb6 10. Rd1 Qc7 11. a4 a5 12. e4 Bb4 13. Nd2 c5 14. d5 exd5 15. exd5 Nbxd5 16. Nxc4 Rd8 17. Bxd5 Nxd5 18. Rxd5 Rxd5 19. Qe4+ Qe7 20. Qxd5 Qe1+ 21. Kg2 O-O 22. Ne3 Re8 23. Nc2 1-0

[Event "15th Paderborner Schachtuerken-Cup 2018"]
[Site "Paderborn"]
[Date "2018.12.30"]
[Round "7"]
[White "Kruse, Janik"]
[Black "Punsaem, Gap"]
[Result "1-0"]
[ECO "D70"]
[WhiteElo "2127"]
[BlackElo "1977"]
[Annotator "NA"]
[PlyCount "93"]
[EventDate "2018.12.27"]
[EventType "swiss"]
[EventCountry "GER"]
[SourceTitle "playchess.com"]
[Source "ChessBase"]
[SourceQuality "1"]
[TimeControl "40/5400+30:900+30"]

1. d4 Nf6 2. c4 g6 3. f3 d5 4. cxd5 Nxd5 5. e4 Nb6 6. Be3 Bg7 7. Nc3 O-O 8. Qd2 Nc6 9. O-O-O a5 10. Kb1 a4 11. h4 Na5 12. Bh6 Nac4 13. Bxc4 Nxc4 14. Qf4 e5 15. dxe5 Bxh6 16. Qxh6 Qe7 17. Nge2 Qb4 18. Qc1 c6 19. Rd4 Be6 20. Ka1 Ra6 21. f4 Bg4 22. Rhd1 b5 23. f5 Qe7 24. e6 fxe6 25. Rd7 Qf6 26. Qh6 Rf7 27. Rd8+ Rf8 28. R8d7 Rf7 29. Rxf7 Kxf7 30. Qxh7+ Kf8 31. Qh6+ Kg8 32. Qf4 Bxe2 33. Qb8+ Kh7 34. Rd7+ Kh6 35. Qf4+ g5 36. hxg5+ Qxg5 37. Rh7+ Kxh7 38. Qxg5 exf5 39. Qxf5+ Kh6 40. Nxe2 Ra7 41. Nf4 Kg7 42. Qg6+ Kh8 43. Qf6+ Kh7 44. a3 Nd2 45. Qg6+ Kh8 46. Nh5 Nb3+ 47. Kb1 1-0

[Event "15th Paderborner Schachtuerken-Cup 2018"]
[Site "Paderborn"]
[Date "2018.12.30"]
[Round "7"]
[White "Vogel, Constantin"]
[Black "Meessen, Max"]
[Result "1/2-1/2"]
[ECO "A25"]
[WhiteElo "2068"]
[BlackElo "2208"]
[Annotator "NA"]
[PlyCount "104"]
[EventDate "2018.12.27"]
[EventType "swiss"]
[EventCountry "GER"]
[SourceTitle "playchess.com"]
[Source "ChessBase"]
[SourceQuality "1"]
[TimeControl "40/5400+30:900+30"]

1. c4 e5 2. g3 Nc6 3. Bg2 Bc5 4. Nc3 d6 5. e3 a6 6. Nge2 Ba7 7. d4 h5 8. h3 h4 9. g4 f5 10. gxf5 Bxf5 11. d5 Nce7 12. e4 Bg6 13. Bg5 Nf6 14. f4 b5 15. Rf1 bxc4 16. fxe5 dxe5 17. Qa4+ Qd7 18. Qxc4 Qd6 19. Rc1 Rb8 20. Qa4+ Kf7 21. Bf3 Bh5 22. Nd1 Bxf3 23. Rxf3 Qb4+ 24. Qxb4 Rxb4 25. Nec3 Kg6 26. Be3 Bxe3 27. Rxe3 Nc8 28. Nf2 Rh5 29. Nd3 Rd4 30. Ne2 Rxe4 31. Rxe4 Nxe4 32. Rxc7 Rh8 33. Nxe5+ Kf5 34. Nc6 Kf6 35. Nb4 g5 36. Nxa6 g4 37. Nc5 Ncd6 38. Nxe4+ Nxe4 39. Rc2 Ke5 40. Ng1 g3 41. Ke2 Kxd5 42. Kf3 Rf8+ 43. Kg2 Kd4 44. Nf3+ Ke3 45. Nxh4 Kd3 46. Rc3+ Nxc3 47. bxc3 Rg8 48. Kf3 Kxc3 49. a4 Kb4 50. Kg2 Rg5 51. Nf3 Rg8 52. Nh4 Rg5 1/2-1/2